 Dungeon Crawl Stone Soup version 0.30-b1-2-g02819fbbbe (webtiles) character file.

Game seed: 7928989351875349121

84 ketsa the Conjurer (level 4, -5/24 HPs)
             Began as a Kobold Conjurer on May 24, 2023.
             Killed from afar by Natasha (7 damage)
             ... with a magic dart
             ... on level 3 of the Dungeon.
             The game lasted 00:07:59 (2527 turns).

ketsa the Conjurer (Kobold Conjurer)                Turns: 2527, Time: 00:07:59

Health: -5/24      AC:  3    Str:  4    XL:     4   Next: 72%
Magic:  8/8        EV: 14    Int: 21    God:
Gold:   75         SH:  0    Dex: 13    Spells: 6/9 levels left

rFire   . . .        g - +0 dagger (chaos)
rCold   . . .        (no shield)
rNeg    . . .        a - +0 robe
rPois   .            (no helmet)
rElec   .            (no cloak)
rCorr   .            (no gloves)
SInv    .            n - +0 pair of boots
Will    .....        (no amulet)
Stlth   ++++         (no ring)
HPRegen 0.24/turn    (no ring)
MPRegen 0.11/turn

%: no passive effects
@: no status effects
A: small, no large weapons, nightstalker 3
a: no special abilities


You were on level 3 of the Dungeon.
You visited 1 branch of the dungeon, and saw 3 of its levels.

You collected 75 gold pieces.

Inventory:

Hand Weapons
 g - a +0 dagger of chaos (weapon)
Missiles
 l - 6 boomerangs
Armour
 a - a +0 robe (worn)
 n - a +0 pair of boots (worn)
Scrolls
 d - a scroll of silence
 e - a scroll of brand weapon
 f - a scroll of amnesia {unknown}
 h - 2 scrolls of teleportation {unknown}
 j - a scroll of blinking {unknown}
 m - a scroll of enchant armour {unknown}
 o - a scroll of identify {unknown}
Potions
 c - 2 potions of curing {unknown}
 i - a potion of mutation {unknown}
 k - a potion of cancellation {unknown}
 p - a potion of might


   Skills:
 - Level 2.4 Dodging
 + Level 4.2 Stealth
 + Level 3.2 Spellcasting
 + Level 4.6 Conjurations


You had 6 spell levels left.
You knew the following spells:

 Your Spells              Type           Power      Damage    Failure   Level
a - Magic Dart            Conj           88%        1d7       1%          1
b - Searing Ray           Conj           44%        2d6       3%          2

Your spell library contained the following spells:

 Spells                   Type           Power      Damage    Failure   Level
 Summon Small Mammal      Summ           12%        N/A       13%         1
 Dazzling Flash           Conj/Hex       26%        N/A       16%         3
 Lesser Beckoning         Tloc           6%         N/A       21%         2
 Call Canine Familiar     Summ           3%         N/A       36%         3
 Gell's Gravitas          Tloc           3%         N/A       36%         3
 Summon Guardian Golem    Hex/Summ       3%         N/A       36%         3
 Teleport Other           Tloc           3%         N/A       36%         3
 Fulminant Prism          Conj/Hex       6%         3d7       45%         4
 Iskenderun's Mystic Bla  Conj/Tloc      13%        2d5       45%         4


Dungeon Overview and Level Annotations

Branches:
Dungeon (3/15) Zot: 15472

Altars:
Nemelex Xobeh

Shops:
D:1 [   D:2 !

Annotations:
D:3 Natasha


Innate Abilities, Weirdness & Mutations

You are small and have problems with some larger weapons.
You are completely attuned to the shadows.


Message History

Natasha claws you!
Casting: Magic Dart (safe; 1% risk of failure)
Confirm with . or Enter, or press ? or * to list all spells.
Aiming: Magic Dart (safe; 1% risk of failure)
Press: ? - help, Shift-Dir - straight line, f/p - Natasha
Aim: Natasha (moderately wounded, strong, 100% to hit)
The magic dart hits Natasha.
Natasha is moderately wounded.
Natasha mumbles some strange words.
Natasha's front paws start to glow.
Natasha claws you.
Casting: Magic Dart (safe; 1% risk of failure)
Confirm with . or Enter, or press ? or * to list all spells.
Aiming: Magic Dart (safe; 1% risk of failure)
Press: ? - help, Shift-Dir - straight line, f/p - Natasha
Aim: Natasha (moderately wounded, strong, 100% to hit)
The magic dart hits Natasha.
Natasha is heavily wounded.
Natasha claws you!
* * * LOW HITPOINT WARNING * * *
Casting: Magic Dart (safe; 1% risk of failure)
Confirm with . or Enter, or press ? or * to list all spells.
Aiming: Magic Dart (safe; 1% risk of failure)
Press: ? - help, Shift-Dir - straight line, f/p - Natasha
Aim: Natasha (heavily wounded, strong, 100% to hit)
The magic dart hits Natasha.
Natasha is heavily wounded.
Natasha closely misses you.
Casting: Magic Dart (safe; 1% risk of failure)
Confirm with . or Enter, or press ? or * to list all spells.
Aiming: Magic Dart (safe; 1% risk of failure)
Press: ? - help, Shift-Dir - straight line, f/p - Natasha
Aim: Natasha (heavily wounded, strong, 100% to hit)
The magic dart hits Natasha.
Natasha is almost dead.
Natasha barely misses you. Magic courses through your body.
Natasha casts a spell at you. The magic dart hits you!
You die...

#.##. ##.#. ... #h#
#@# ####.#####
#....)...# #.##.###.#
#+# #.##.###.# #.#
#.##...#.## #.#
#.#.......# ##.##
#.#.##.#..# ##...##
#.#.##.#..#####.>...#


You could see Natasha (strong).

Vanquished Creatures
  A hound (D:3)
  An adder (D:2)
  2 dart slugs (D:1)
  A worm (D:2)
  2 bats (D:1)
  3 endoplasms (D:1)
  3 goblins
  7 hobgoblins
  9 kobolds
  A quokka (D:1)
  A ball python (D:1)
  2 frilled lizards
  4 rats (D:1)
37 creatures vanquished.

Notes
Turn   | Place    | Note
-------+----------+-------------------------------------------
     0 | D:1      | ketsa the Kobold Conjurer began the quest for the Orb.
     0 | D:1      | Reached XP level 1. HP: 10/10 MP: 3/3
   145 | D:1      | Reached XP level 2. HP: 15/15 MP: 0/5
   660 | D:1      | Reached XP level 3. HP: 19/19 MP: 4/6
  1173 | D:1      | Found Biafoq's Antique Armour Boutique.
  1270 | D:2      | Found Levit's Distillery.
  1861 | D:2      | Reached XP level 4. HP: 18/24 MP: 2/8
  1914 | D:2      | Learned a level 2 spell: Searing Ray
  2314 | D:3      | Found a sparkling altar of Nemelex Xobeh.
  2518 | D:3      | Noticed Natasha
  2524 | D:3      | HP: 1/24 [Natasha (11)]
  2527 | D:3      | Killed from afar by Natasha

Illustrated notes

Levels and vault maps discovered:
D:1:      evilmike_arrival_home_sweet_home, layout_rooms, serial_shops, shop
D:2:      layout_basic, serial_shops, shop
D:3:      layout_loops_corners, mainiacjoe_overflow_surrounded_room,
          uniq_natasha

Skill      XL: |  1  2  3  4 |
---------------+-------------+-----
Stealth        | 3 4 |  4.2
Spellcasting   | 3 |  3.2
Dodging        | |  2.4
Conjurations   | |  4.6

Action                     |  1- 3 |  4- 6 || total
---------------------------+-------+-------++-------
  Melee: Unarmed           |     4 |       ||     4
         Dagger            |    10 |     1 ||    11
         Punch             |       |     1 ||     1
   Cast: Magic Dart        |    79 |    24 ||   103
    Use: Scroll            |       |     2 ||     2
         Potion            |       |     1 ||     1
 Armour: Robe              |     7 |       ||     7
  Dodge: Dodged            |    35 |    15 ||    50
